Map: Nightscape LE

Players

qqq - Winner!

  • Race: Zerg Zerg
  • Spawn Location: 1:00

Massa - Winner!

  • Race: Terran Terran
  • League: Platinum
  • Spawn Location: 1:00

Daxaka

  • Race: Protoss Protoss
  • Spawn Location: 7:00

MIF

  • Race: Protoss Protoss
  • Spawn Location: 7:00

VOD

Have the link to the VOD?

Description

Time

  • Played on: March 20, 2021, 7:10 a.m.
  • Length: 17:58
Show
View Real Time Build Order
Export as new Build Order

qqq Zerg - Winner!

Build Orders: Hatch First 

Get SALT Encoding   

  12  0:00  Drone  
  13  0:10  Drone  
  14  0:17  Overlord  
  14  0:47  Hatchery, Drone  
  14  1:01  Drone x3  
  17  1:14  Drone  
  18  1:28  Spawning Pool  
  18  1:29  Extractor, Drone  
  17  1:36  Drone  
  18  1:47  Drone  
  19  1:55  Drone  
  19  1:59  Drone  
  21  2:15  Queen x2  
  21  2:17  Drone x2  
  21  2:18  Drone  
  28  2:28  Overlord  
  28  2:29  Metabolic Boost  
  28  2:32  Overlord  
  28  2:45  Overlord  
  28  2:49  Zergling x4  
  30  2:54  Zergling x2  
  30  2:55  Zergling x2  
  32  3:00  Zergling x2  
  32  3:04  Zergling x2  
  34  3:14  Zergling x4  
  36  3:24  Zergling x8  
  40  3:29  Zergling x2, Overlord  
  40  3:30  Zergling x4  
  40  3:32  Lair  
  43  3:37  Zergling x2  
  43  3:39  Zergling x2  
  45  3:52  Zergling x4  
  47  4:04  Zergling x2  
  47  4:05  Zergling x4  
  47  4:06  Zergling x2  
  47  4:07  Drone  
  51  4:12  Hatchery  
  48  4:17  Zergling x6  
  49  4:25  Zergling x4  
  49  4:33  Zergling x8  
  50  4:41  Zergling x4  
  50  4:42  Zergling x4  
  49  4:53  Zergling x4  
  49  4:58  Zergling x2  
  45  5:06  Spire  
  43  5:08  Drone x2  
  45  5:24  Drone x2  
  45  5:25  Drone  
  45  5:27  Extractor  
  47  5:30  Extractor  
  47  5:31  Drone x2, Extractor  
  47  5:33  Queen  
  47  5:35  Drone  
  50  5:40  Drone x2  
  50  5:41  Drone  
  50  5:42  Drone  
  54  5:44  Drone  
  54  5:46  Drone  
  54  5:48  Drone  
  57  5:51  Drone  
  57  6:08  Drone x5  
  57  6:09  Drone x4  
  66  6:19  Overlord  
  66  6:32  Spore Crawler  
  65  6:34  Drone  
  65  6:36  Queen, Overlord x2  
  65  6:37  Overlord  
  68  6:41  Mutalisk  
  68  6:42  Mutalisk  
  72  6:48  Zerg Flyer Armor Level 1  
  72  6:51  Drone x2  
  74  6:56  Corruptor  
  76  7:02  Corruptor  
  76  7:03  Drone  
  79  7:09  Drone x4  
  79  7:14  Corruptor  
  85  7:20  Corruptor  
  85  7:22  Mutalisk  
  89  7:23  Drone  
  89  7:24  Drone  
  89  7:29  Corruptor  
  93  7:32  Corruptor  
  93  7:36  Drone x2  
  97  7:37  Drone  
  98  7:45  Overlord, Infestation Pit  
  98  7:46  Overlord  
  97  7:56  Extractor  
  96  7:59  Extractor  
  96  8:02  Drone  
  96  8:03  Drone, Spire  
  96  8:05  Hatchery  
  95  8:10  Corruptor  
  95  8:12  Drone x4  
  101  8:14  Overlord  
  101  8:41  Mutalisk x2  
  101  8:42  Zerg Flyer Weapons Level 1, Corruptor x2  
  101  8:47  Drone x5  
  101  8:48  Drone x5  
  119  9:02  Corruptor x2  
  122  9:18  Mutalisk x4  
  122  9:22  Drone x2  
  128  9:29  Overlord x2  
  128  9:30  Overlord x6  
  128  9:32  Extractor  
  128  9:33  Extractor  
  128  9:37  Zerg Flyer Armor Level 2  
  126  9:43  Mutalisk  
  126  9:45  Overlord x3  
  128  9:57  Mutalisk x3  
  128  9:58  Drone x2  
  128  9:59  Drone x2  
  138  10:23  Mutalisk x4  
  138  10:27  Mutalisk x2  
  138  10:28  Mutalisk  
  150  10:30  Hatchery  
  150  10:32  Hatchery  
  150  10:33  Mutalisk  
  150  10:34  Drone  
  150  10:35  Drone x2  
  155  10:36  Drone x2  
  157  10:43  Hive  
  157  10:46  Mutalisk  
  159  10:58  Drone, Mutalisk x3  
  159  11:03  Mutalisk  
  168  11:04  Drone x4  
  168  11:05  Drone x2  
  174  11:11  Mutalisk  
  174  11:13  Drone x2, Overlord  
  174  11:15  Mutalisk  
  180  11:20  Zerg Flyer Weapons Level 2  
  180  11:34  Mutalisk x3  
  186  11:54  Viper x2  
  192  12:14  Viper x2  
  198  12:24  Mutalisk  
  198  12:25  Mutalisk x2  
  190  12:38  Zerg Flyer Armor Level 3  
  190  13:00  Extractor  
  190  13:04  Mutalisk x2  
  190  13:05  Extractor, Mutalisk, Corruptor x3  
  200  13:40  Hatchery  
  199  13:47  Zerg Flyer Weapons Level 3  
  131  14:48  Mutalisk x3  
  131  14:49  Mutalisk x3, Viper  
  131  14:50  Mutalisk x3, Viper x2  
  131  14:51  Mutalisk x8  
  131  14:52  Mutalisk x2  
  164  15:08  Mutalisk x2  
  164  15:09  Mutalisk x2  
  166  15:16  Greater Spire  
  166  15:21  Drone x3  
  169  15:22  Mutalisk  
  169  15:23  Mutalisk x2  
  175  15:41  Mutalisk x2  
  175  15:42  Corruptor x3  
  185  15:57  Extractor x2  
  183  16:07  Overseer x2  
  183  16:09  Pneumatized Carapace  
  183  16:28  Brood Lord x6  
  183  16:30  Corruptor  
  197  16:35  Corruptor  
Show
View Real Time Build Order
Export as new Build Order

Massa Terran - Winner!

Build Orders: 2 Factory 

Get SALT Encoding   

  12  0:00  SCV  
  13  0:12  SCV  
  14  0:22  Supply Depot  
  14  0:24  SCV  
  15  0:34  Refinery  
  15  0:44  SCV, Barracks  
  16  0:56  SCV  
  17  1:08  SCV  
  18  1:20  SCV  
  19  1:33  Orbital Command  
  19  1:43  Command Center  
  19  1:48  Refinery  
  19  2:00  SCV, Supply Depot  
  20  2:12  Factory  
  20  2:17  Barracks Tech Lab  
  20  2:21  SCV  
  21  2:30  Factory  
  21  2:37  SCV  
  22  2:50  SCV  
  23  2:51  Barracks Tech Lab  
  23  3:03  Cyclone  
  26  3:05  Mag-Field Accelerator  
  26  3:10  Orbital Command  
  26  3:18  SCV  
  27  3:21  Cyclone  
  27  3:25  Barracks Tech Lab  
  30  3:30  SCV  
  31  3:37  SCV, Engineering Bay  
  32  3:42  SCV  
  32  3:44  Cyclone  
  36  3:50  SCV  
  37  3:59  Supply Depot  
  37  4:02  SCV x2  
  39  4:03  Supply Depot  
  39  4:14  SCV x2  
  38  4:39  Cyclone x2  
  41  4:57  SCV x2  
  43  5:02  Barracks  
  43  5:03  Barracks  
  43  5:05  Stimpack  
  43  5:06  Barracks  
  43  5:09  SCV x2  
  43  5:11  Missile Turret, Siege Tank  
  43  5:13  Missile Turret  
  48  5:21  SCV  
  49  5:29  Marine  
  49  5:33  Refinery  
  49  5:35  Refinery  
  50  5:36  Missile Turret  
  50  5:42  Command Center  
  50  5:47  Marine  
  50  5:48  Armory, Terran Infantry Weapons Level 1  
  51  6:11  Barracks Tech Lab  
  51  6:12  Barracks Reactor x2  
  51  6:13  Marauder  
  51  6:15  Widow Mine  
  55  6:19  SCV  
  55  6:20  SCV  
  57  6:32  SCV x2  
  59  6:35  Marauder  
  61  6:44  SCV  
  62  6:51  Supply Depot  
  62  6:52  Terran Vehicle And Ship Armor Level 1, Supply Depot  
  62  6:53  SCV, Supply Depot  
  62  6:54  Widow Mine, Supply Depot, Combat Shield  
  65  6:55  Supply Depot  
  65  7:03  SCV  
  65  7:05  SCV, Marauder x2, Marine  
  65  7:06  Marine x3  
  75  7:13  Barracks  
  75  7:14  Barracks  
  75  7:17  Starport  
  75  7:23  Marine x4  
  75  7:24  Engineering Bay  
  75  7:26  Marine  
  75  7:27  Marauder  
  82  7:41  Marine x3  
  82  7:42  Orbital Command  
  85  7:44  SCV x2  
  85  7:47  Marine x3  
  85  7:49  Siege Tank x2  
  96  7:55  Terran Infantry Weapons Level 2  
  96  7:56  SCV x2  
  96  7:58  Terran Infantry Armor Level 1, Marine  
  98  7:59  Starport Reactor, Marine x2  
  98  8:00  Barracks Reactor  
  98  8:01  Barracks Tech Lab  
  98  8:02  Missile Turret  
  98  8:04  Marine  
  102  8:08  SCV  
  102  8:10  SCV x2  
  105  8:15  Refinery  
  105  8:17  Refinery  
  105  8:21  SCV  
  105  8:22  SCV  
  105  8:24  SCV  
  108  8:33  SCV  
  107  8:34  SCV  
  107  8:36  SCV  
  107  8:41  Medivac x2  
  110  8:45  Marauder x2, Marine  
  117  8:53  Supply Depot  
  117  8:55  Supply Depot  
  117  8:57  Supply Depot  
  117  9:04  Smart Servos  
  117  9:05  Drilling Claws  
  117  9:08  Concussive Shells  
  117  9:14  Marine x2  
  117  9:15  SCV, Marauder, Siege Tank  
  117  9:17  SCV x2, Marauder x2, Marine x2  
  127  9:19  Missile Turret x2  
  127  9:22  Marine x2  
  135  9:32  Marine x2  
  135  9:36  Marauder, Medivac, Ghost Academy  
  141  9:46  Supply Depot  
  141  9:47  Supply Depot x3  
  141  9:49  Supply Depot  
  141  9:52  Terran Infantry Armor Level 2  
  141  9:54  Terran Vehicle And Ship Armor Level 2  
  141  10:07  Thor  
  141  10:08  Medivac, Supply Depot  
  141  10:09  Marauder, Supply Depot  
  141  10:11  Supply Depot, Personal Cloaking  
  151  10:18  Command Center  
  151  10:30  Terran Infantry Weapons Level 3  
  151  10:33  Supply Depot  
  151  10:36  Supply Depot  
  151  10:38  Ghost  
  153  11:02  Sensor Tower  
  153  11:05  Sensor Tower  
  153  11:10  Ghost x2  
  157  11:20  Marauder, Marine x6  
  157  11:22  SCV x2  
  157  11:23  SCV  
  168  11:28  Siege Tank  
  168  11:29  Siege Tank  
  168  11:31  Refinery  
  174  11:33  Orbital Command  
  174  11:34  Refinery, SCV  
  174  11:35  SCV x2  
  174  11:36  Enhanced Shockwaves  
  174  11:37  Marine  
  174  11:38  Marine x5  
  174  11:39  Marauder x2  
  187  11:40  Marine  
  187  11:47  SCV  
  189  11:55  Marine  
  190  12:03  Ghost  
  190  12:04  Ghost x2  
  196  12:18  Terran Infantry Armor Level 3  
  196  12:19  Starport  
  196  12:21  Terran Vehicle Weapons Level 1  
  196  12:32  Ghost  
  198  12:51  Missile Turret  
  198  12:57  Starport Tech Lab  
  198  13:06  Medivac  
  198  13:07  Hi-Sec Auto Tracking  
  198  13:12  Missile Turret  
  200  13:20  Command Center  
  200  13:26  Starport, Missile Turret  
  200  13:33  Missile Turret  
  200  13:37  Barracks  
  200  13:38  Barracks  
  200  13:40  Barracks x2  
  200  13:42  Barracks  
  200  13:48  Missile Turret  
  163  14:21  Marauder  
  163  14:22  Marauder x2  
  95  14:36  Barracks Reactor, Barracks Tech Lab x2  
  95  14:37  Barracks Tech Lab x2  
  89  14:42  Marauder  
  89  14:43  Marauder x2  
  93  14:46  Marine  
  93  14:47  Marine x5  
  99  14:54  Orbital Command, Neosteel Armor  
  97  15:04  Marauder x3, Marine  
  97  15:05  Marine x5  
  101  15:07  Thor x2  
  101  15:10  Ghost x2  
  101  15:12  Ghost x2  
  118  15:19  Raven  
  120  15:22  Marine x3  
  120  15:23  Starport Tech Lab  
  120  15:24  Medivac x2  
  120  15:25  Marauder  
  120  15:26  Marauder x2  
  133  15:32  Terran Vehicle Weapons Level 2  
  133  15:42  Marauder  
  135  15:43  Ghost x3  
  135  15:44  Marine x4  
  135  15:45  Marine  
  135  15:46  Marauder, Marine x3  
  135  15:47  Marauder x2  
  155  15:50  Thor x2  
  155  15:51  Raven  
  155  15:54  Medivac  
  171  16:02  Raven  
  171  16:03  Marauder  
  175  16:08  Marauder x3  
  181  16:13  Refinery  
  181  16:15  Refinery  
  181  16:16  Marauder x2, Marine  
  181  16:17  Marauder, Marine x7  
  195  16:25  Marauder  
Show
View Real Time Build Order
Export as new Build Order

Daxaka Protoss 

Build Orders: 1 Gate Expand 

Get SALT Encoding   

  12  0:00  Probe  
  13  0:12  Probe  
  14  0:21  Pylon  
  14  0:25  Probe (Chrono Boost)  
  15  0:40  Probe (Chrono Boost)  
  15  0:42  Gateway  
  16  0:45  Probe (Chrono Boost)  
  17  0:55  Probe  
  18  1:07  Probe  
  19  1:19  Probe  
  19  1:20  Assimilator  
  20  1:32  Probe  
  21  1:35  Nexus  
  21  1:42  Cybernetics Core  
  21  1:50  Pylon  
  21  1:52  Pylon  
  22  1:54  Probe  
  22  2:06  Probe  
  23  2:13  Forge  
  23  2:18  Probe  
  23  2:19  Assimilator  
  24  2:30  Probe  
  25  2:42  Probe  
  25  2:54  Probe  
  25  2:56  Photon Cannon  
  25  2:58  Shield Battery, Stalker  
  26  3:05  Probe  
  29  3:06  Robotics Facility  
  29  3:09  Warp Gate  
  29  3:10  Probe  
  30  3:19  Photon Cannon  
  30  3:23  Shield Battery  
  31  3:27  Probe  
  31  3:29  Probe  
  32  3:42  Probe x2  
  32  3:43  Pylon  
  34  3:51  Adept  
  34  3:55  Probe  
  37  3:56  Probe  
  37  3:58  Observer (Chrono Boost)  
  37  4:02  Photon Cannon  
  39  4:08  Gateway  
  39  4:16  Immortal (Chrono Boost)  
  43  4:24  Stalker  
  45  4:41  Pylon  
  45  4:59  Shield Battery  
  43  5:00  Gateway  
  43  5:01  Gateway  
  43  5:02  Photon Cannon  
  43  5:04  Protoss Air Weapons Level 1  
  43  5:05  Shield Battery  
  43  5:06  Immortal  
  47  5:09  Probe x2  
  49  5:18  Robotics Bay  
  49  5:21  Probe  
  49  5:22  Probe  
  51  5:33  Probe  
  51  5:34  Probe, Robotics Facility  
  53  5:37  Pylon  
  53  5:46  Probe x2  
  55  5:51  Twilight Council  
  55  5:57  Pylon  
  55  5:58  Probe x2, Observer  
  55  6:00  Pylon  
  58  6:08  Pylon  
  58  6:10  Probe x2  
  60  6:11  Pylon x2  
  60  6:14  Assimilator  
  60  6:18  Assimilator  
  60  6:22  Probe x2  
  62  6:29  Colossus  
  68  6:34  Probe  
  69  6:43  Photon Cannon  
  69  6:44  Shield Battery  
  69  6:46  Immortal  
  69  6:47  Shield Battery  
  73  6:56  Extended Thermal Lance (Chrono Boost)  
  73  7:12  Pylon  
  73  7:13  Charge (Chrono Boost), Photon Cannon  
  73  7:15  Immortal  
  73  7:27  Probe x2  
  79  7:42  Zealot x3  
  85  7:57  Nexus  
  85  8:00  Pylon  
  85  8:02  Templar Archives, Colossus  
  85  8:03  Pylon  
  91  8:07  Pylon  
  91  8:11  Immortal  
  95  8:14  Protoss Ground Weapons Level 1  
  95  8:28  Photon Cannon x2  
  94  8:37  Probe x2  
  96  8:47  Photon Cannon x2  
  96  8:50  Photon Cannon, Shield Battery  
  96  9:00  Pylon  
  96  9:04  High Templar x3  
  102  9:13  Psionic Storm  
  96  9:29  Shield Battery  
  96  9:30  Shield Battery  
  96  9:32  Shield Battery, Pylon  
  96  9:37  Zealot  
  96  9:38  Shield Battery, Zealot x2  
  102  9:39  Pylon  
  102  9:47  Immortal  
  106  9:56  Probe x3  
  109  10:01  Assimilator  
  109  10:02  Assimilator  
  109  10:03  High Templar x2  
  113  10:08  Probe x3  
  113  10:11  Forge  
  116  10:17  Colossus  
  122  10:21  Probe  
  123  10:33  High Templar  
  125  10:37  Probe  
  125  10:42  Pylon  
  126  10:44  Pylon  
  126  10:46  Colossus, Pylon  
  126  10:47  Pylon  
  126  10:48  Pylon x2  
  132  10:50  Pylon  
  132  10:51  High Templar  
  132  10:56  Archon  
  134  11:00  Photon Cannon  
  134  11:02  Photon Cannon x2  
  134  11:06  High Templar  
  134  11:08  High Templar  
  138  11:12  Observer  
  138  11:14  Gateway  
  138  11:16  Gateway  
  139  11:18  Gateway  
  139  11:35  High Templar  
  139  11:36  Protoss Ground Weapons Level 2 (Chrono Boost), Archon, Protoss Shields Level 1 (Chrono Boost)  
  141  11:45  Gateway  
  141  11:48  Gateway  
  141  12:07  High Templar  
  141  12:08  High Templar  
  145  12:09  High Templar  
  145  12:12  Archon  
  145  12:13  Archon  
  147  12:24  Immortal x2  
  155  12:32  Resonating Glaives  
  155  12:46  Zealot x7  
  155  12:47  Zealot  
  171  12:52  Gateway  
  171  12:54  Photon Cannon  
  171  12:55  Photon Cannon  
  171  12:58  Shield Battery  
  171  12:59  Shield Battery  
  171  13:02  Colossus  
  177  13:10  Observer  
  178  13:31  Observer  
  179  13:37  Forge  
  179  13:45  Stalker x3  
  179  13:47  Stalker x2  
  179  13:48  Stalker x3  
  195  13:53  Immortal  
  115  14:28  Immortal, Stalker x2  
  95  14:32  Immortal  
  95  14:34  High Templar x6  
  93  14:39  Archon x3  
  93  14:43  Zealot  
  93  14:44  Protoss Ground Weapons Level 3 (Chrono Boost)  
  94  14:55  Zealot x2  
  96  15:07  Immortal  
  96  15:11  Observer  
  100  15:29  Nexus  
  100  15:32  Zealot  
  100  15:33  Observer, Assimilator  
  100  15:34  Adept x4  
  100  15:35  Adept  
  113  15:37  Assimilator  
  113  15:38  Pylon  
  113  15:42  Pylon  
  113  15:46  Immortal  
  117  15:54  Probe x2, Immortal  
  123  16:04  Photon Cannon  
  123  16:05  Photon Cannon  
  123  16:06  Photon Cannon  
  123  16:09  Shield Battery  
  123  16:14  Pylon  
  122  16:26  Observer  
  122  16:27  Probe  
  122  16:28  Probe x2  
  126  16:37  Observer  
  124  17:08  High Templar  
  124  17:09  High Templar  
  128  17:23  High Templar  
  128  17:24  Zealot x3  
  128  17:25  Photon Cannon, Zealot x3  
  128  17:26  Photon Cannon x2, Shield Battery  
  128  17:28  Shield Battery  
  128  17:29  Shield Battery  
  79  17:46  Stalker  
  79  17:47  Stalker x2  
Show
View Real Time Build Order
Export as new Build Order

MIF Protoss 

Build Orders: Nexus First 

Get SALT Encoding   

  12  0:00  Probe  
  13  0:13  Probe  
  14  0:30  Pylon  
  14  0:34  Probe  
  15  0:48  Probe (Chrono Boost)  
  16  1:01  Probe (Chrono Boost)  
  16  1:02  Nexus  
  17  1:08  Pylon  
  17  1:11  Probe  
  18  1:26  Forge  
  18  1:28  Probe  
  19  1:39  Gateway  
  19  1:41  Probe  
  19  1:46  Assimilator  
  20  1:53  Probe  
  21  1:57  Pylon  
  21  2:05  Probe  
  22  2:08  Photon Cannon  
  22  2:17  Probe  
  22  2:18  Assimilator  
  23  2:23  Probe  
  23  2:29  Cybernetics Core  
  24  2:32  Probe  
  25  2:46  Probe  
  25  2:48  Assimilator  
  26  2:56  Probe  
  27  3:01  Probe  
  28  3:08  Stargate  
  28  3:10  Probe  
  29  3:13  Shield Battery  
  29  3:14  Probe  
  30  3:22  Probe, Photon Cannon  
  31  3:29  Pylon  
  31  3:39  Probe x2  
  33  3:45  Void Ray (Chrono Boost)  
  37  3:57  Stargate  
  37  3:59  Assimilator  
  37  4:05  Probe, Pylon  
  37  4:09  Pylon  
  38  4:19  Void Ray (Chrono Boost)  
  42  4:41  Void Ray  
  46  4:56  Probe  
  47  5:03  Void Ray  
  47  5:11  Probe x2  
  53  5:21  Pylon  
  53  5:23  Probe x2  
  55  5:36  Probe (Chrono Boost)  
  55  5:41  Probe (Chrono Boost)  
  57  5:44  Void Ray  
  57  5:45  Probe (Chrono Boost)  
  57  5:49  Probe (Chrono Boost), Photon Cannon  
  59  5:50  Probe (Chrono Boost)  
  64  6:00  Probe, Nexus  
  64  6:02  Probe  
  64  6:03  Pylon  
  66  6:13  Shield Battery  
  66  6:15  Shield Battery, Void Ray  
  66  6:16  Photon Cannon  
  66  6:18  Photon Cannon  
  70  6:27  Probe x2  
  72  6:33  Pylon  
  72  6:34  Void Ray  
  72  6:39  Probe  
  73  6:41  Shield Battery  
  77  6:55  Fleet Beacon  
  77  6:58  Phoenix  
  79  7:17  Phoenix  
  79  7:20  Probe  
  79  7:21  Protoss Air Weapons Level 1  
  82  7:23  Phoenix  
  84  7:30  Photon Cannon  
  84  7:32  Probe  
  85  7:42  Phoenix  
  85  7:44  Probe, Flux Vanes  
  88  7:48  Phoenix  
  90  7:56  Probe  
  91  8:01  Stargate  
  91  8:05  Probe x2, Photon Cannon  
  93  8:06  Photon Cannon  
  93  8:07  Phoenix, Void Ray  
  93  8:08  Probe  
  93  8:09  Photon Cannon  
  93  8:11  Assimilator  
  96  8:14  Assimilator  
  100  8:29  Photon Cannon  
  100  8:41  Anion Pulse-Crystals, Void Ray  
  100  8:42  Void Ray  
  108  8:51  Probe  
  108  8:52  Probe x2  
  111  8:59  Pylon  
  111  9:03  Shield Battery  
  111  9:04  Probe  
  111  9:08  Shield Battery  
  112  9:29  Void Ray x2  
  112  9:30  Void Ray  
  112  9:31  Photon Cannon  
  124  9:41  Pylon  
  124  9:42  Pylon  
  124  9:45  Pylon  
  124  9:51  Protoss Air Weapons Level 2  
  124  10:06  Protoss Shields Level 1 (Chrono Boost), Void Ray  
  124  10:08  Pylon  
  124  10:11  Pylon  
  124  10:12  Phoenix  
  130  10:16  Cybernetics Core  
  130  10:34  Void Ray  
  130  10:36  Void Ray  
  130  10:39  Photon Cannon  
  130  10:42  Shield Battery  
  138  10:50  Pylon  
  138  10:54  Twilight Council  
  138  10:57  Protoss Air Armor Level 1 (Chrono Boost)  
  138  11:18  Void Ray  
  138  11:19  Void Ray x2  
  138  11:20  Pylon x2  
  138  11:23  Stargate x2  
  150  11:49  Gateway, Dark Shrine  
  150  11:51  Gateway  
  150  11:53  Gateway  
  150  11:59  Gateway, Protoss Shields Level 2 (Chrono Boost)  
  150  12:00  Gateway  
  150  12:03  Gateway  
  150  12:09  Photon Cannon  
  150  12:10  Photon Cannon  
  150  12:32  Protoss Air Weapons Level 3 (Chrono Boost)  
  150  12:49  Warp Gate (Chrono Boost)  
  150  12:56  Carrier  
  150  12:58  Carrier x2  
  168  12:59  Carrier, Pylon  
  168  13:01  Pylon  
  174  13:10  Pylon  
  174  13:12  Pylon  
  174  13:23  Carrier  
  90  14:42  Void Ray x3  
  90  14:43  Void Ray x2  
  106  15:17  Dark Templar x4  
  106  15:18  Dark Templar x3  
  120  15:26  Archon x2  
  120  15:27  Archon  
  120  15:29  Void Ray  
  120  15:30  Void Ray x3  
  136  16:03  Dark Templar  
  136  16:04  Dark Templar x2  
  142  16:11  Charge  
  142  16:16  Archon  
  142  16:19  Archon  
  142  16:20  Nexus  
  142  16:24  Pylon  
  142  16:26  Pylon  
  142  16:33  Void Ray  
  142  16:34  Void Ray  
  142  16:35  Void Ray  
  146  16:46  Photon Cannon x2  
  154  16:48  Photon Cannon  
  154  16:51  Photon Cannon x2  
  154  16:57  Photon Cannon x2  
  154  17:01  Shield Battery  
  154  17:02  Shield Battery  
  154  17:06  Shield Battery  
  154  17:08  Shield Battery  
  160  17:10  Assimilator  
  160  17:14  Assimilator  
Tags
 
Add a new tag
Caveats
  • Supply blocks, unpowered buildings, or Contaminate may cause inaccurate times.
  • Supply counts are checked every 10 seconds.